 Dungeon Crawl Stone Soup version 0.27.1 (webtiles) character file.

Game seed: 5249580754660138550

2083 Ijustatesigmund the Skirmisher (level 9, -1/59 HPs)
             Began as a Gargoyle Fighter on Aug 26, 2021.
             Was an Initiate of Cheibriados.
             Slain by Harold (17 damage)
             ... on level 7 of the Dungeon.
             The game lasted 00:12:11 (6712 turns).

Ijustatesigmund the Skirmisher (Gargoyle Fighter)   Turns: 6712, Time: 00:12:11

Health: -1/59      AC: 17    Str: 20    XL:     9   Next: 27%
Magic:  9/9        EV:  5    Int: 12    God:    Cheibriados [......]
Gold:   311        SH:  9    Dex: 12    Spells: 8/8 levels left

rFire    + . .     SeeInvis +   a - +0 flail
rCold    + + .     Faith    .   c - +0 kite shield
rNeg     + . .     Spirit   .   b - +0 chain mail
rPois    ∞         Reflect  .   (no helmet)
rElec    +         Harm     .   i - scarf {rC+ rF+}
rCorr    .         Rampage  .   g - +0 pair of gloves
Will     .....                  (no boots)
Stlth    ..........             e - amulet of the acrobat
HPRegen  0.19/turn              j - ring of see invisible
MPRegen  0.11/turn              r - ring of protection from cold

@: mighty, marked, slow
A: sickness immunity, AC +6, negative energy resistance 1, electricity
resistance, torment resistance 1, petrification resistance
a: Renounce Religion, Bend Time


You were on level 7 of the Dungeon.
You worshipped Cheibriados.
Cheibriados was noncommittal.
You visited 2 branches of the dungeon, and saw 8 of its levels.

You collected 311 gold pieces.

Inventory:

Hand Weapons
 a - a +0 flail (weapon)
Missiles
 x - a throwing net (quivered)
Armour
 b - a +0 chain mail (worn)
 c - a +0 kite shield (worn)
 g - a +0 pair of gloves (worn)
 i - a scarf of resistance (worn)
Jewellery
 d - a ring of ice
 e - an amulet of the acrobat (around neck)
 f - a ring of positive energy
 j - a ring of see invisible (left hand)
 r - a ring of protection from cold (right hand)
 w - an amulet of magic regeneration
Wands
 h - a wand of paralysis (12)
 n - a wand of charming (2)
 p - a wand of mindburst (6)
 q - a wand of flame (17)
 t - a wand of acid (7)
Scrolls
 k - 3 scrolls of identify
 v - a scroll of enchant armour {unknown}
 y - a scroll of amnesia
Potions
 l - a potion of lignification
 m - a potion of attraction {unknown}
 o - 2 potions of might
 s - 2 potions of curing
 u - a potion of flight {unknown}


   Skills:
 + Level 7.9 Fighting
 + Level 7.9 Maces & Flails
 - Level 6.0 Armour
 + Level 4.3 Shields
 + Level 0.0 Invocations
 - Level 3.0 Evocations


You had 8 spell levels left.
You didn't know any spells.
Your spell library contained the following spells:

 Spells                   Type           Power      Damage    Failure   Level
 Pain                     Necr           0%         1d4       100%        1
 Agony                    Necr           0%         N/A       100%        5
 Excruciating Wounds      Necr           0%         N/A       100%        5


Dungeon Overview and Level Annotations

Branches:
Dungeon (7/15)             Temple (1/1) D:7

Altars:
Ashenzari
Cheibriados
Dithmenos
Fedhas
Gozag
Hepliaklqana
Kikubaaqudgha
Makhleb
Nemelex Xobeh
Okawaru
Qazlal
Ru
Trog
Vehumet
Wu Jian
The Shining One

Annotations:
D:7 Harold


Innate Abilities, Weirdness & Mutations

You are immune to sickness and miasma.
Your stone body is resilient. (AC +6)
You are immune to poison.
You resist negative energy. (rN+)
You are resistant to electric shocks. (rElec)
You are resistant to unholy torment.
You are immune to petrification.


Message History

You sock Harold!
Harold is moderately wounded.
Harold hits you with a +0 trident of venom.
Harold hits you with a +0 trident of venom!
You are too injured to fight recklessly!
You are too injured to fight recklessly!
You are too injured to fight recklessly!
Okay, then.
You feel very mighty all of a sudden.
Harold hits you with a +0 trident of venom.
You bludgeon Harold!!
Harold is heavily wounded.
You block Harold's attack.
You hit Harold.
Harold is heavily wounded.
You block Harold's attack.
You hit Harold.
Harold is heavily wounded.
Harold hits you but does no damage.
Your chain mail prevents you from hitting Harold.
Harold is heavily wounded.
You block Harold's attack.
You barely miss Harold.
Harold is heavily wounded.
Harold hits you but does no damage. You block Harold's attack.
You thump Harold!
Harold is severely wounded.
Harold hits you with a +0 trident of venom.
You hit Harold.
Harold is severely wounded.
Harold hits you with a +0 trident of venom!
* * * LOW HITPOINT WARNING * * *
You thump Harold!
Harold is almost dead.
Harold casts a spell at you. The mark upon you grows brighter.
You sock Harold!
Harold is almost dead.
Harold hits you with a +0 trident of venom!
You die...

#......## .
.........# #.....# .
........## #.....# #.
.......##.#.....####.
......#.....<.......
#.....#...####......
#.....#...# #......
#.@...#...# #......
#..@..#.>.# #......
+.........# #......
#.........# #......
....###(...# #......
.....#......# #######
...###.#.#....# ....
...#...#.#....# ....
.. #.#.....#### ...
...#.......# ...


You could see Harold.

Vanquished Creatures
  The ghost of paps the Slasher, an amateur DsGl (D:4)
  A water moccasin (D:6)
  A necrophage (D:4)
  A sky beast (D:6)
  A black bear (D:4)
  2 centaurs
  A phantom (D:5)
  A kobold brigand (D:4)
  2 bullfrogs
  3 scorpions
  A water moccasin skeleton (D:5)
  A wyvern skeleton (D:6)
  2 howler monkeys (D:7)
  2 centaur zombies
  A bullfrog zombie (D:7)
  A gnoll shaman (D:6)
  An orc priest (D:6)
  5 hounds
  A bullfrog skeleton (D:6)
  4 iguanas
  4 orc wizards
  2 hound skeletons
  4 gnolls (D:6)
  3 adders
  A river rat (D:6)
  A shadow imp (D:7)
  3 white imps
  An ufetubus (D:4)
  2 worms
  2 dart slugs (D:4)
  2 orcs (D:4)
  7 bats
  3 endoplasms
  4 giant cockroaches
  3 hobgoblins
  6 jackals
  15 kobolds
  3 quokkas
  11 ball pythons
  6 frilled lizards
  6 goblins
  2 rats (D:1)
124 creatures vanquished.

Vanquished Creatures (others)
  An orc wizard (D:6)
  A fungus (D:4)
  A plant (D:4)
3 creatures vanquished.

Grand Total: 127 creatures vanquished

Notes
Turn   | Place    | Note
-------+----------+-------------------------------------------
     0 | D:1      | Ijustatesigmund the Gargoyle Fighter began the quest for
                  | the Orb.
     0 | D:1      | Reached XP level 1. HP: 14/14 MP: 1/1
   133 | D:1      | Reached XP level 2. HP: 18/19 MP: 2/2
   436 | D:1      | Found a faded altar of an unknown god.
   930 | D:2      | Reached XP level 3. HP: 24/24 MP: 3/3
  1659 | D:3      | Reached XP level 4. HP: 22/29 MP: 4/4
  1665 | D:3      | You fall into a shaft and drop 3 floors!
  1737 | D:6      | Noticed a bullfrog
  1758 | D:6      | Killed a bullfrog
  1759 | D:6      | Reached XP level 5. HP: 12/34 MP: 5/5
  2022 | D:6      | Noticed a water moccasin
  2034 | D:6      | Killed a water moccasin
  2035 | D:6      | Reached skill level 5 in Fighting
  2035 | D:6      | Reached skill level 5 in Maces & Flails
  2035 | D:6      | Reached XP level 6. HP: 35/40 MP: 6/6
  2474 | D:6      | Noticed a sky beast
  2495 | D:6      | Killed a sky beast
  2496 | D:6      | Reached XP level 7. HP: 36/44 MP: 7/7
  2649 | D:5      | Entered Level 5 of the Dungeon
  3104 | D:3      | Found a bloodstained altar of Trog.
  3182 | D:3      | Found a sacrificial altar of Ru.
  3409 | D:4      | Found a runed translucent gate.
  3410 | D:4      | Found a runed translucent gate.
  3411 | D:4      | Found a runed translucent gate.
  3411 | D:4      | Noticed paps's ghost (amateur DsGl)
  3450 | D:4      | Killed paps's ghost
  3460 | D:4      | Reached XP level 8. HP: 43/52 MP: 8/8
  3786 | D:4      | Reached skill level 5 in Armour
  4299 | D:5      | Found an ornate altar of the Wu Jian Council.
  4477 | D:5      | Reached skill level 1 in Evocations
  4614 | D:5      | Found a broken altar of Ashenzari.
  4860 | D:5      | Found a hazy altar of Hepliaklqana.
  5479 | D:6      | Reached XP level 9. HP: 19/57 MP: 9/9
  6338 | D:7      | Found a staircase to the Ecumenical Temple.
  6459 | Temple   | Entered the Ecumenical Temple
  6526 | Temple   | Became a worshipper of Cheibriados the Contemplative
  6639 | D:7      | Found a shadowy altar of Dithmenos.
  6667 | D:7      | Found a stormy altar of Qazlal.
  6687 | D:7      | Noticed Harold
  6712 | D:7      | Slain by Harold

Illustrated notes

Levels and vault maps discovered:
D:1:      arrival_zaba_pyramid, layout_basic, basic_ecumenical_altar
D:2:      layout_basic
D:3:      layout_basic, nicolae_ru_the_path_less_chosen, marbit_many_paths
D:4:      minmay_opposing_rooms, layout_loops_cross,
          gammafunk_ghost_nasty_kobolds
D:5:      layout_loops_ring, mainiacjoe_overflow_paths, lemuel_doored_altar,
          ashenzari_conservatory_becter, minivault_24, kennysheep_boxes
D:6:      layout_loops_cross, cheibrodos_sewer_entry_sluice,
          grunt_decor_fettered
D:7:      layout_basic, grunt_dithmenos_smoke_and_mirrors,
          nicolae_qazlal_style_of_elements, minmay_temple_entry_offerings,
          serial_shops, shop, uniq_harold
Temple:   jpeg_temple_island

Skill      XL: |  1  2  3  4  5  6  7  8  9 |
---------------+----------------------------+-----
Maces & Flails | 3 4 5 6 7 |  7.9
Fighting       | 4 5 6 7 |  7.9
Armour         | 4 6 |  6.0
Evocations     | 2 3 |  3.0
Shields        | 4 |  4.3

Action                   |  1- 3 |  4- 6 |  7- 9 || total
-------------------------+-------+-------+-------++-------
Melee: Flail             |   135 |    83 |   341 ||   559
Evoke: Wand              |       |       |     7 ||     7
  Use: Scroll            |     4 |       |     6 ||    10
       Potion            |       |     4 |     1 ||     5
Armor: Scale mail        |    92 |    55 |    18 ||   165
       Chain mail        |       |       |   215 ||   215
Dodge: Dodged            |    48 |    34 |    83 ||   165
Block: Kite shield       |    90 |    67 |   154 ||   311
